 Dungeon Crawl Stone Soup version 0.28.0-47-ge53b351184 (webtiles) character file.

Game seed: 6782443552783526400

2840 Exodus22XD the Destroyer (level 9, -9/67 HPs)
             Began as a Deep Elf Conjurer on Apr 29, 2022.
             Was an Initiate of Vehumet.
             Mangled by Harold
             ... wielding a +0 battleaxe
              (14 damage)
             ... on level 7 of the Dungeon.
             The game lasted 00:27:20 (10342 turns).

Exodus22XD the Destroyer (Deep Elf Conjurer)       Turns: 10342, Time: 00:27:21

Health: -9/67      AC: 24    Str:  0 (2)  XL:     9   Next: 46%
Magic:  12/25      EV:  2    Int: 28      God:    Vehumet [......]
Gold:   591        SH:  0    Dex: 13      Spells: 25/28 levels left

rFire   + . .      SeeInvis .   n - staff of fire
rCold   . . .      Faith    .   (no shield)
rNeg    . . .      Spirit   .   (armour currently unavailable)
rPois   +          Reflect  .   (helmet currently unavailable)
rElec   .          Harm     .   (cloak currently unavailable)
rCorr   .          Rampage  .   (gloves currently unavailable)
Will    .....      NoTele   +   (boots currently unavailable)
Stlth   ++........              (no amulet)
HPRegen 0.00/turn               C - ring of poison resistance
MPRegen 0.19/turn               o - ring of wizardry

@: tree-form, marked, held, inhibited regen, slowed, lost strength, very slow
A: stationary, stasis, torment immunity, boosted hp, (claws 1), (iridescent
scales 2), deterioration 1, weak 1, wild magic 1, MP-powered wands
a: Renounce Religion


You were on level 7 of the Dungeon.
You worshipped Vehumet.
Vehumet was noncommittal.
You were a tree.
You visited 2 branches of the dungeon, and saw 8 of its levels.
You also visited: Ossuary.

You collected 591 gold pieces.

Inventory:

Hand Weapons
 e - a +0 hand axe
 m - a +3 hand axe
Armour
 s - a +0 pair of boots (melded)
 u - the +2 robe "Niogga" (melded) {rC+}
   (You found it on level 4 of the Dungeon)

   rC:        It protects you from cold.
 B - a +0 pair of gloves (melded)
Magical Staves
 n - a staff of fire (weapon)
Jewellery
 o - a ring of wizardry (right branch)
 C - a ring of poison resistance (left branch)
Wands
 q - a wand of polymorph (6)
Scrolls
 a - 2 scrolls of blinking
 b - 2 scrolls of magic mapping {unknown}
 d - a scroll of immolation
 g - 2 scrolls of torment
 h - 3 scrolls of teleportation
 k - 2 scrolls of noise {unknown}
 l - 2 scrolls of vulnerability
 y - a scroll of fear
Potions
 c - 2 potions of ambrosia
 i - a potion of haste
 j - 3 potions of curing
 p - a potion of lignification
 r - 2 potions of mutation
 t - 3 potions of flight
 v - a potion of brilliance {unknown}
 w - 2 potions of cancellation {unknown}
 x - a potion of invisibility {unknown}
 z - 2 potions of attraction {unknown}
 A - a potion of resistance {unknown}
 E - a potion of magic {unknown}


   Skills:
 - Level 2.4 Dodging
 - Level 2.4 Stealth
 + Level 10.3 Spellcasting
 - Level 12.0 Conjurations
 - Level 2.7 Fire Magic


You had 25 spell levels left.
You knew the following spells:

 Your Spells              Type           Power      Damage    Failure   Level
a - Magic Dart            Conj           100%       1d8       1%          1
b - Searing Ray           Conj           100%       2d8       1%          2

Your spell library contained the following spells:

 Spells                   Type           Power      Damage    Failure   Level
 Dazzling Flash           Conj/Hex       100%       N/A       1%          3
 Stone Arrow              Conj/Erth      100%       3d13      1%          3
 Sandblast                Erth           36%        2d10      2%          1
 Fulminant Prism          Conj/Hex       29%        3d14      2%          4
 Iskenderun's Mystic Bla  Conj/Tloc      58%        2d12      2%          4
 Passwall                 Tmut/Erth      15%        N/A       4%          2
 Sublimation of Blood     Necr           18%        N/A       4%          2
 Wereblood                Tmut           18%        N/A       4%          2
 Call Canine Familiar     Summ           18%        N/A       7%          3
 Portal Projectile        Hex/Tloc       36%        N/A       7%          3
 Summon Guardian Golem    Hex/Summ       18%        N/A       7%          3
 Orb of Destruction       Conj           41%        9d11      12%         7
 Leda's Liquefaction      Hex/Erth       9%         N/A       21%         4
 Spellforged Servitor     Conj/Summ      29%        N/A       75%         7
 Summon Hydra             Summ           9%         N/A       100%        7


Dungeon Overview and Level Annotations

Branches:
Dungeon (7/15)             Temple (1/1) D:7         Ossuary (visited)

Altars:
Ashenzari
Cheibriados
Dithmenos
Elyvilon
Fedhas
Gozag
Hepliaklqana
Kikubaaqudgha
Makhleb
Nemelex Xobeh
Okawaru
Qazlal
Ru
Sif Muna
Trog
Vehumet
Wu Jian
Xom
Yredelemnul
Zin
The Shining One

Annotations:
D:3 1 runed translucent door, Crazy Yiuf
D:4 1 runed translucent door, nedwor777's ghost, amateur KoFi
D:7 Harold


Innate Abilities, Weirdness & Mutations

You are a tree.
Your roots penetrate the ground, keeping you stationary.
You cannot be teleported.
You are immune to unholy pain and torment.
Your maximum health is greatly increased.
Your equipment is partially melded.
((You have sharp fingernails.))
((You are mostly covered in iridescent scales. (AC +4)))
Your body sometimes deteriorates upon taking damage.
You are weak. (Str -2)
Your spells are a little harder to cast, but a little more powerful.
You expend magic power (3 MP) to strengthen your wands.


Message History

Press: ? - help, Shift-Dir - straight line, f/p - Harold
Aim: Harold, wielding a +0 battleaxe, wearing a +2 scale mail of positive energy and quivering 3 throwing nets (heavily wounded, 90% to hit)
The searing ray hits Harold.
Harold is heavily wounded. (Press . to maintain the ray.) Harold hits you with a +0 battleaxe!
Your body deteriorates!
You feel weakened.
The searing ray hits Harold but does no damage.
Harold is heavily wounded.
Harold hits you with a +0 battleaxe!
Your body deteriorates!
You feel weakened.
You have lost your strength.
Harold hits you but does no damage. Harold hits you with a +0 battleaxe.
* * * LOW HITPOINT WARNING * * *
Harold hits you with a +0 battleaxe!
* * * LOW HITPOINT WARNING * * *
You can move again.
You feel much better. Harold gestures at you while chanting.
The mark upon you grows brighter. Harold hits you with a +0 battleaxe!
* * * LOW HITPOINT WARNING * * *
Okay, then.
You cannot blink because you are held in place by your roots.
Unknown command.
Okay, then.
Casting: Searing Ray (safe; 1% risk of failure)
Confirm with . or Enter, or press ? or * to list all spells.
Aiming: Searing Ray (safe; 1% risk of failure)
Press: ? - help, Shift-Dir - straight line, f/p - Harold
Aim: Harold, wielding a +0 battleaxe, wearing a +2 scale mail of positive energy and quivering 3 throwing nets (heavily wounded, 90% to hit)
The searing ray hits Harold.
Harold is heavily wounded. (Press . to maintain the ray.) Harold hits you but does no damage.
The searing ray hits Harold.
Harold is heavily wounded.
Harold hits you with a +0 battleaxe.
* * * LOW HITPOINT WARNING * * *
Harold hits you with a +0 battleaxe!
You die...

.#...............# #.#
#.######.
.#.#........####.# #.#
#.##.....
...#........# #.#
#>###.##.§≈≈≈
.#.#.....>..# #.#
#.....##.≈...
.....^.#.#### #.#
#.######.≈.≈≈
.#.##..#.# #.#
#........≈.≈.
.........# #.#
#.######.§.≈.
..###.####
#.####.######.≈.≈.
......#
#####♣#.).........§.≈≈
..#####
#...#@#.##.######.≈...
### #.#...#.##.#
#.§≈≈≈ ..#
#.###.#.##.# #.....
#.# #.#...#.##.#
###... #.#
#.#####.##)#######.###
#.# #.# #.##.........#
# #.# .@.#
#.##########.### #.#
.).# #.# #......


You could see Harold.

Vanquished Creatures
  A water moccasin (D:7)
  2 sky beasts (D:6)
  A hornet zombie (D:6)
  3 black bears
  An ice beast (D:7)
  2 necrophages (D:6)
  4 ogres
  A centaur (D:6)
  4 bullfrogs
  A kobold brigand (D:7)
  3 scorpions
  A wyvern zombie (D:7)
  A water moccasin skeleton (D:6)
  A wyvern skeleton (D:7)
  A howler monkey (D:6)
  A centaur zombie (D:7)
  A centaur skeleton (D:7)
  4 hounds
  A jelly (D:6)
  An orc priest (D:4)
  Ijyb (D:4)
  5 iguanas
  4 orc wizards
  4 hound skeletons
  8 mummies (Ossuary)
  A howler monkey skeleton (D:6)
  6 adders
  A shadow imp (D:7)
  A white imp (D:6)
  An adder skeleton (D:5)
  2 worms (D:2)
  15 orcs
  2 bats
  10 endoplasms
  A gnoll zombie (Ossuary)
  9 hobgoblins
  3 jackals (D:3)
  3 quokkas
  5 ball pythons
  2 frilled lizards (D:3)
  3 goblins
  2 hobgoblin zombies (Ossuary)
  12 kobolds
  4 kobold zombies (Ossuary)
  An orc zombie (Ossuary)
  4 rats
145 creatures vanquished.

Vanquished Creatures (others)
  2 withered plants (D:4)
2 creatures vanquished.

Grand Total: 147 creatures vanquished

Notes
Turn   | Place    | Note
-------+----------+-------------------------------------------
     0 | D:1      | Exodus22XD the Deep Elf Conjurer began the quest for the
                  | Orb.
     0 | D:1      | Reached XP level 1. HP: 10/10 MP: 6/6
  1103 | D:2      | Reached XP level 2. HP: 15/15 MP: 2/9
  1213 | D:2      | Learned a level 2 spell: Searing Ray
  1547 | D:2      | Reached skill level 5 in Spellcasting
  1547 | D:2      | Reached XP level 3. HP: 18/19 MP: 2/11
  1644 | D:2      | Found a faded altar of an unknown god.
  2585 | D:3      | Reached XP level 4. HP: 24/24 MP: 11/13
  2760 | D:3      | Found a runed translucent door.
  2761 | D:3      | Noticed Crazy Yiuf
  3056 | D:4      | Noticed Ijyb
  3067 | D:4      | Killed Ijyb
  3068 | D:4      | Reached XP level 5. HP: 28/28 MP: 7/16
  3346 | D:4      | Found a runed translucent door.
  3347 | D:4      | Noticed nedwor777's ghost (amateur KoFi)
  3352 | D:4      | Noticed a black bear
  3364 | D:4      | Killed a black bear
  3365 | D:4      | Reached XP level 6. HP: 32/32 MP: 10/19
  3545 | D:4      | Identified the +2 robe "Niogga" {rC+}
  4159 | D:4      | Reached skill level 10 in Spellcasting
  4251 | D:5      | Entered Level 5 of the Dungeon
  4392 | D:5      | Found a sand-covered staircase.
  4417 | Ossuary  | Entered an ossuary
  4520 | Ossuary  | Reached XP level 7. HP: 36/36 MP: 14/22
  4800 | Ossuary  | Reached skill level 1 in Fire Magic
  5429 | D:5      | Reached skill level 5 in Conjurations
  5757 | D:5      | Reached skill level 6 in Conjurations
  6347 | D:5      | Gained mutation: Potions are less effective at restoring
                  | your health. [potion of mutation]
  6347 | D:5      | Gained mutation: You have hidden genetic defects. [potion
                  | of mutation]
  6347 | D:5      | Gained mutation: You have supernaturally acute eyesight.
                  | (SInv) [potion of mutation]
  6347 | D:5      | Gained mutation: You possess an exceptional clarity of
                  | mind. [potion of mutation]
  6357 | D:6      | Reached XP level 8. HP: 30/41 MP: 17/24
  6544 | D:6      | Reached skill level 7 in Conjurations
  6613 | D:6      | Gained mutation: You do not regenerate when monsters are
                  | visible. [hidden defects]
  6775 | D:6      | Identified the +1 chain mail "Riaca" {Int+4}
  6915 | D:6      | Reached skill level 8 in Conjurations
  7091 | D:6      | Lost mutation: You have supernaturally acute eyesight.
                  | (SInv) [potion of mutation]
  7091 | D:6      | Lost mutation: You possess an exceptional clarity of mind.
                  | [potion of mutation]
  7091 | D:6      | Gained mutation: You have a pair of small horns on your
                  | head. [potion of mutation]
  7091 | D:6      | Gained mutation: You possess an exceptional clarity of
                  | mind. [potion of mutation]
  7092 | D:6      | Lost mutation: You possess an exceptional clarity of mind.
                  | [potion of mutation]
  7092 | D:6      | Lost mutation: You have a pair of small horns on your head.
                  | [potion of mutation]
  7092 | D:6      | Gained mutation: You have sharp fingernails. [potion of
                  | mutation]
  7092 | D:6      | Gained mutation: You are partially covered in iridescent
                  | scales. (AC +2) [potion of mutation]
  7093 | D:6      | Lost mutation: You have hidden genetic defects. [potion of
                  | mutation]
  7093 | D:6      | Lost mutation: You do not regenerate when monsters are
                  | visible. [potion of mutation]
  7093 | D:6      | Lost mutation: Potions are less effective at restoring your
                  | health. [potion of mutation]
  7093 | D:6      | Gained mutation: You expend magic power (3 MP) to
                  | strengthen your wands. [potion of mutation]
  7093 | D:6      | Gained mutation: You have hidden genetic defects. [potion
                  | of mutation]
  7093 | D:6      | Gained mutation: Your spells are a little harder to cast,
                  | but a little more powerful. [potion of mutation]
  7093 | D:6      | Gained mutation: A frigid envelope surrounds you and
                  | freezes all who hurt you. [potion of mutation]
  7616 | D:6      | Reached skill level 9 in Conjurations
  7626 | D:6      | Gained mutation: Your body sometimes deteriorates upon
                  | taking damage. [hidden defects]
  7834 | D:6      | Reached skill level 10 in Conjurations
  7843 | D:6      | Gained mutation: You have terrible hidden genetic defects.
                  | [hidden defects]
  7843 | D:6      | Lost mutation: You have terrible hidden genetic defects.
                  | [hidden defects expressed]
  8251 | D:6      | Reached XP level 9. HP: 45/45 MP: 19/25
  8377 | D:6      | Gained mutation: You are weak. (Str -2) [hidden defects]
  8848 | D:7      | Noticed Harold
  8907 | D:7      | Reached skill level 11 in Conjurations
  9335 | D:7      | Found a stormy altar of Qazlal.
  9509 | D:7      | Gained mutation: You sometimes lose the ability to read
                  | scrolls when taking damage. [hidden defects]
  9509 | D:7      | Lost mutation: You have hidden genetic defects. [hidden
                  | defects expressed]
  9600 | D:7      | Lost mutation: A frigid envelope surrounds you and freezes
                  | all who hurt you. [potion of mutation]
  9600 | D:7      | Lost mutation: You sometimes lose the ability to read
                  | scrolls when taking damage. [potion of mutation]
  9600 | D:7      | Gained mutation: You are mostly covered in iridescent
                  | scales. (AC +4) [potion of mutation]
  9722 | D:7      | Reached skill level 12 in Conjurations
  9747 | D:7      | Found a staircase to the Ecumenical Temple.
  9773 | Temple   | Entered the Ecumenical Temple
  9889 | Temple   | Became a worshipper of Vehumet
 10336 | D:7      | Lost strength.
 10339 | D:7      | HP: 3/67 [Harold/+0 battleaxe (17)]
 10342 | D:7      | Mangled by Harold

Illustrated notes

Levels and vault maps discovered:
D:1:      dpeg_arrival_radiant, layout_loops_corners, patterned_corridor
D:2:      layout_rooms, ebering_ecumenical_altar_ruins,
          chequers_serial_rivers_micro_e
D:3:      layout_basic, st_stairs_13, wander_ebering_terrifying_dragon_lair,
          uniq_crazy_yiuf_cottage
D:4:      layout_basic, gammafunk_ghost_grave, minmay_quadrilaterals, uniq_ijyb
D:5:      layout_basic, enter_ossuary_3, supply_closet_lemuel,
          minmay_a_box_with_orc_wizards_in_it
D:6:      layout_layer_cave, minmay_increasing_density
D:7:      minmay_general_purpose_star, layout_loops_ring,
          mainiacjoe_overflow_concentric_impassable,
          minmay_temple_entry_poolview, uniq_harold
Temple:   mainiacjoe_temple_big_plus

Skill      XL: |  1  2  3  4  5  6  7  8  9 |
---------------+----------------------------+-----
Spellcasting   | 4 5 7 8 10 | 10.3
Fire Magic     | 2 |  2.7
Conjurations   | 6 10 12 | 12.0
Dodging        | |  2.4
Stealth        | |  2.4

Action                   |  1- 3 |  4- 6 |  7- 9 || total
-------------------------+-------+-------+-------++-------
Melee: Staff             |       |       |     1 ||     1
 Cast: Magic Dart        |    87 |    97 |   117 ||   301
       Searing Ray       |     3 |    13 |    61 ||    77
Evoke: Wand              |       |       |     2 ||     2
  Use: Scroll            |       |     7 |     7 ||    14
       Potion            |       |       |     8 ||     8
Armor: Robe              |       |       |    21 ||    21
       Skin              |       |       |     4 ||     4
Dodge: Dodged            |     2 |    11 |    32 ||    45
